 Dungeon Crawl Stone Soup version 0.31-a0-876-gfe8ebadbca (webtiles) character file.

Game seed: 8307661769322281146

47 Xavori the Cutter (level 3, -3/16 (26) HPs)
             Began as an Octopode Chaos Knight on Oct 13, 2023.
             Was a Plaything of Xom.
             Slain by a white imp (6 damage)
             ... summoned by Xom
             ... on level 1 of the Dungeon.
             The game lasted 00:01:13 (8820 turns).

Xavori the Cutter (Octopode Chaos Knight)           Turns: 8820, Time: 00:01:13

HP:   -3/16 (26)    AC:  1    Str: 15      XL:     3   Next: 70%
MP:   3/3           EV: 13    Int: 13      God:    Xom [......]
Gold: 58            SH:  0    Dex:  9 (12) Spells: 2/2 levels left

rFire   . . .        a - +0 short sword (chaos)
rCold   x . .        (no shield)
rNeg    . . .        (helmet restricted)
rPois   .            (no amulet)
rElec   .            (no ring)
rCorr   .            (no ring)
SInv    .            (no ring)
Will    .....        (no ring)
Stlth   ++           (no ring)
HPRegen 0.22/turn    (no ring)
MPRegen 0.08/turn    (no ring)
                     (no ring)

%: no passive effects
@: very heavily drained
A: almost no armour, amphibious, 8 rings, camouflage 1, gelatinous body 1,
(nimble swimmer 1), tentacles, strong 1, wild magic 1, cold vulnerability 1,
inability to drink after injury 1, inability to read after injury 2, devolution
1
a: Renounce Religion


You were on level 1 of the Dungeon.
You worshipped Xom.
You were a very special plaything of Xom.
You visited 1 branch of the dungeon, and saw 2 of its levels.

You collected 58 gold pieces.

Inventory:

Hand Weapons
 a - a +0 short sword of chaos (weapon)
Scrolls
 b - a scroll of butterflies
 e - a scroll of teleportation {unknown}
Potions
 c - a potion of curing {unknown}
 d - a potion of enlightenment {unknown}


   Skills:
 + Level 3.6 Fighting
 + Level 3.7 Short Blades
 + Level 2.7 Dodging
 + Level 0.8 Stealth


You had 2 spell levels left.
You didn't know any spells.
Your spell library contained the following spells:

 Spells                   Type           Power      Damage    Failure   Level
 Ensorcelled Hibernation  Hex/Ice        0%         N/A       52%         2
 Passwall                 Tmut/Erth      0%         N/A       52%         2
 Swiftness                Air            0%         N/A       75%         3


Dungeon Overview and Level Annotations

Branches:
Dungeon (2/15)

Altars:


Innate Abilities, Weirdness & Mutations

You cannot wear most types of armour.
You are amphibious.
You can wear up to eight rings at the same time.
Your skin changes colour to match your surroundings (Stealth+).
Your rubbery body absorbs attacks. (AC +1, EV +1)
((You are camouflaged when in or above water. (Stealth+)))
You have tentacles for arms and can constrict up to eight enemies at once.
Your muscles are strong. (Str +4, Int/Dex -1)
Your spells are a little harder to cast, but a little more powerful.
You are vulnerable to cold. (rC-)
You occasionally lose the ability to drink potions when taking damage.
You sometimes lose the ability to read scrolls when taking damage.
You have hidden genetic defects.


Message History

Done waiting.
You start waiting.
Done waiting.
You start waiting.
Xom is getting BORED.
You start waiting.
You are now a BORING thing.
You start waiting. "You need some minor improvements, mortal!"
Your body is suffused with distortional energy.
You lose the ability to read scrolls when taking damage more often.
You feel a hidden malignance growing inside you.
You feel vulnerable to cold.
You no longer feel strong-willed.
You are now a beloved toy of Xom.
You start waiting.
Done waiting.
You start waiting.
Done waiting.
You start waiting.
Done waiting.
You start waiting.
Xom smirks.
You detect nothing.
You are now a very special plaything of Xom.
You start waiting.
Xom's power touches on you for a moment.
Your body is wracked with pain!
You start resting.
HP restored.
You start waiting.
You start waiting. "Fight to survive, mortal."
There are monsters nearby!
There are monsters nearby!
The white imp hits you. The white imp freezes you!
You feel a terrible chill! The white imp hits you.
* * * LOW HITPOINT WARNING * * *
The white imp freezes you.
You feel a terrible chill!
Xom thinks this is hilarious!
You die...

....# ##.##.# #.#..#.......†.
....# #.##.# #..............
....# #.##.#######...........
....# #............>.........
..### #.##.######............
..## #.##.# #..#...).....#
#..##### #.##.#####.###........#
.......# #....##....# ###......#
.......#######.5@.########....##.
.......#.(.....5.................
.......#.#####'#####..#####..#...
.........#PPP#.#PPP#.............
.......#.#P⌠P#.#P⌠P#.#####..##.##
.......#.#PPP#.#PPP#.# #...##.##
.......#.#####.#####.####...##..#
.........'....<....+..#....####.#
...|...#.#####.#####....#.†# #..


You could see 2 white imps.

Vanquished Creatures
  A bat (D:1)
  5 endoplasms
  4 giant cockroaches
  4 goblins (D:1)
  4 hobgoblins
  3 jackals (D:1)
  3 quokkas
  5 ball pythons
  4 kobolds (D:1)
  8 rats (D:1)
41 creatures vanquished.

Notes
Turn   | Place    | Note
-------+----------+-------------------------------------------
     0 | D:1      | Xavori the Octopode Chaos Knight began the quest for the
                  | Orb.
     0 | D:1      | Reached XP level 1. HP: 16/16 MP: 1/1
    29 | D:1      | Reached XP level 2. HP: 16/21 MP: 2/2
   263 | D:1      | Reached XP level 3. HP: 25/26 MP: 3/3
   536 | D:1      | Found a faded altar of an unknown god.
   790 | D:1      | XOM: god gift: 32 gold pieces
  2412 | D:1      | XOM: silly message
  3973 | D:1      | XOM is BORED!
  4524 | D:1      | XOM: silly message
  5034 | D:1      | XOM: silly message
  5231 | D:1      | XOM: give mutations
  5231 | D:1      | Gained mutation: You occasionally shout uncontrollably at
                  | your foes. [Xom's mischief]
  5231 | D:1      | Gained mutation: You are strong-willed. (Will+) [Xom's
                  | mischief]
  5308 | D:1      | XOM: give mutations
  5308 | D:1      | Gained mutation: One of your tentacles bears a spike.
                  | [Xom's mischief]
  5308 | D:1      | Gained mutation: You are partially covered in iridescent
                  | scales. (AC +2) [Xom's mischief]
  5524 | D:1      | XOM: summons 2 hostile shadow creatures
  6161 | D:1      | XOM: draining
  6275 | D:1      | XOM is BORED!
  6275 | D:1      | XOM: stat loss: -3 Dex (10/13)
  6430 | D:1      | XOM: silly message
  6629 | D:1      | XOM: give mutations
  6629 | D:1      | Gained mutation: You occasionally lose the ability to drink
                  | potions when taking damage. [Xom's mischief]
  6629 | D:1      | Lost mutation: One of your tentacles bears a spike. [Xom's
                  | mischief]
  6629 | D:1      | Lost mutation: You occasionally shout uncontrollably at
                  | your foes. [Xom's mischief]
  6629 | D:1      | Gained mutation: Your spells are a little harder to cast,
                  | but a little more powerful. [Xom's mischief]
  6645 | D:1      | XOM: draining
  6658 | D:1      | XOM: give mutations
  6658 | D:1      | Gained mutation: You occasionally lose the ability to read
                  | scrolls when taking damage. [Xom's mischief]
  6658 | D:1      | Lost mutation: You are partially covered in iridescent
                  | scales. (AC +2) [Xom's mischief]
  6658 | D:1      | Gained mutation: Your muscles are strong. (Str +4, Int/Dex
                  | -1) [Xom's mischief]
  8240 | D:1      | XOM is BORED!
  8240 | D:1      | XOM: give mutations
  8240 | D:1      | Gained mutation: You sometimes lose the ability to read
                  | scrolls when taking damage. [Xom's mischief]
  8240 | D:1      | Gained mutation: You have hidden genetic defects. [Xom's
                  | mischief]
  8240 | D:1      | Gained mutation: You are vulnerable to cold. (rC-) [Xom's
                  | mischief]
  8240 | D:1      | Lost mutation: You are strong-willed. (Will+) [Xom's
                  | mischief]
  8624 | D:1      | XOM: divination: detect items
  8672 | D:1      | XOM: torment (9/16 hp)
  8819 | D:1      | XOM: summons 2 hostile demons
  8820 | D:1      | Slain by a white imp

Illustrated notes

Levels and vault maps discovered:
D:1:      beargit_arrival_greenhouse, layout_rooms,
          shapermc_ecumenical_altar_totnotflames, nrook_mini_backslash,
          hex_large, patterned_corridor
D:2:      layout_rooms, minmay_octomino_e4

Action                     || total
---------------------------++-------
  Melee: Short sword       ||    76
         Constrict         ||    20
         Tentacles         ||    15
         Punch             ||     1
   Stab: Sleeping          ||     4
 Armour: Skin              ||    29
  Dodge: Dodged            ||    36

Table legend: (Time is in decaauts)
 A = Elapsed time spent in this place.
 B = Non-inter-level travel time spent in this place.
 C = Inter-level travel time spent in this place.
 D = Time resting spent in this place.
 E = Time spent auto-exploring this place.
 F = Levels seen in this place.
 G = Mean time per level.
                   A        B        C        D        E       F      G
               +--------+--------+--------+--------+--------+-----+--------+
         Total |   8809 |   8786 |     23 |   8026 |    567 |   2 | 4404.5 |
       Dungeon |   8809 |   8786 |     23 |   8026 |    567 |   2 | 4404.5 |
               +--------+--------+--------+--------+--------+-----+--------+

Top non-repeatable levels by time:
     D:1: 8374 daAuts
     D:2: 435 daAuts
